[Event "Titled Tuesday Blitz April 19 Late 2022"]
[White "Sowa, Ryan"]
[Black "Dobrov, Vladimir"]
[WhiteFideId "30901693"]
[BlackFideId "4136594"]
[WhiteElo "2615"]
[BlackElo "2575"]
[Result "1/2-1/2"]
[Round "02"]
[TimeControl "180+1"]
[Date "2022.04.19"]
[WhiteClock "0:00:23"]
[BlackClock "0:00:09"]

1. Nf3 d5 2. d4 Nf6 3. c4 e6 4. g3 Bb4+ 5. Bd2 Be7 6. Bg2 O-O 7. O-O Nbd7 8. Qc2 c6 9. Rd1 b6 10. Bf4 Bb7 11. Ne5 Rc8 12. Nc3 a6 13. e4 b5 14. Nxd7 Qxd7 15. c5 a5 16. e5 Ne8 17. a3 Ra8 18. b4 Nc7 19. Bd2 f6 20. exf6 Bxf6 21. Bf4 axb4 22. axb4 Rxa1 23. Rxa1 Bxd4 24. Re1 e5 25. Ne2 Bxf2+ 26. Kxf2 exf4 27. gxf4 Qg4 28. Qd3 Ne6 29. Qg3 Qh5 30. Bh3 Ng5 31. Bg2 Ne4+ 32. Bxe4 dxe4 33. Nc3 Bc8 34. Nxe4 Be6 35. Kg1 Bd5 36. Nc3 Qf5 37. Nxd5 Qxd5 38. Qe3 h6 39. Qe6+ Qxe6 40. Rxe6 Rxf4 41. Rxc6 Rxb4 42. Rb6 Kf7 43. Rb7+ Kf6 44. c6 Rc4 45. Rxb5 Rxc6 46. Kg2 Rc3 47. Ra5 g5 48. h3 Kg6 49. Rb5 Ra3 50. Rc5 h5 51. Rb5 h4 52. Rc5 Rg3+ 53. Kh2 Kf6 54. Ra5 Ke6 55. Rb5 Kf6 56. Ra5 Re3 57. Kg2 Re5 58. Ra8 Kf5 59. Ra4 Re4 60. Ra8 Kf4 61. Rf8+ Ke3 62. Rf3+ Ke2 63. Rf2+ Kd3 64. Rf5 Re2+ 65. Kg1 Re3 66. Kg2 Rg3+ 67. Kh2 Ke4 68. Rf8 Rf3 69. Re8+ Kf4 70. Rf8+ Ke3 71. Re8+ Kf2 72. Re5 Rg3 73. Rf5+ Ke3 74. Rf8 Ke4 75. Rf7 Rf3 76. Re7+ Kf4 77. Rf7+ Ke4 78. Re7+ Kd5 79. Rg7 Rg3 80. Re7 Kd4 81. Re8 Kd3 82. Re7 Rf3 83. Re5 Rg3 84. Re8 Re3 85. Rg8 Re2+ 86. Kg1 Re5 87. Kg2 Ke3 88. Rf8 Rd5 89. Rf7 Rd2+ 90. Kg1 Rd1+ 91. Kg2 Rd2+ 92. Kg1 Rd5 93. Kg2 Re5 94. Rf8 Re4 95. Rf5 g4 96. hxg4 Rxg4+ 97. Kh3 Rg3+ 98. Kxh4 Rg8 99. Rf7 Ke4 100. Kh5 Ke5 101. Rf1 Rg2 102. Kh6 Ke4 103. Kh7 Ke5 104. Kh6 Ke4 105. Kh7 Ke5 106. Kh6 1/2-1/2


[Site "https://www.chess.com"]

[Event "Titled Tuesday Blitz April 19 Late 2022"]
[White "Spata, German"]
[Black "Rasulov, Vugar"]
[WhiteFideId "113026"]
[BlackFideId "13402390"]
[WhiteElo "2238"]
[BlackElo "2560"]
[Result "0-1"]
[Round "02"]
[TimeControl "180+1"]
[Date "2022.04.19"]
[WhiteClock "0:00:03"]
[BlackClock "0:00:39"]

1. d3 g6 2. g3 Bg7 3. Bg2 d5 4. Nd2 Nf6 5. e4 Nc6 6. Ne2 O-O 7. O-O e5 8. Nc3 Bg4 9. Bf3 Bxf3 10. Qxf3 Nd4 11. Qd1 c6 12. Nf3 Re8 13. exd5 Nxd5 14. Nxd4 exd4 15. Nxd5 Qxd5 16. Bd2 Re6 17. Re1 Rae8 18. Rxe6 Rxe6 19. Qf1 h5 20. b3 h4 21. Re1 Qf5 22. Rxe6 Qxe6 23. Qe1 Qg4 24. Qf1 Qf3 25. gxh4 Qg4+ 26. Kh1 Qf3+ 27. Kg1 Be5 28. Be1 Qd1 29. f4 Bf6 30. Qf2 b5 31. Kg2 Kh7 32. f5 Qg4+ 33. Qg3 Qxf5 34. Qf3 Qxf3+ 35. Kxf3 Kh6 36. Kg4 Be7 37. Bd2+ Kg7 38. Bg5 Bd6 39. h3 c5 40. Bf4 f5+ 41. Kf3 Be7 42. Bg5 Bf8 43. Kf4 Bd6+ 44. Kf3 Kf7 45. Bf4 Be7 46. Bg5 Bf8 47. Bf4 Ke6 48. Bg5 a6 49. Bf4 Kd5 50. Bg5 c4 51. Kf4 Bb4 52. Kf3 Bd6 53. Bf6 Bc7 54. Bg5 a5 55. Bd2 Bd8 56. Bg5 Bc7 57. Bf4 Bb6 58. Bg5 cxd3 59. cxd3 a4 60. Bd2 axb3 61. axb3 Bd8 62. Bg5 Ba5 63. Bf4 Be1 64. Bg5 Kc5 65. Be7+ Kc6 66. Bf6 Kd5 67. Bg5 Bb4 68. Bf6 Bd6 69. Bg5 Kc5 70. Bf6 Kb4 71. Bxd4 Kxb3 72. Be3 b4 73. Bf4 Bxf4 74. Kxf4 Kc3 0-1


[Site "https://www.chess.com"]

[Event "Titled Tuesday Blitz April 19 Late 2022"]
[White "Steinberg, Nitzan"]
[Black "Herrera Reyes, Jose Antonio"]
[WhiteFideId "2801795"]
[BlackFideId "2274914"]
[WhiteElo "2471"]
[BlackElo "2361"]
[Result "1-0"]
[Round "02"]
[TimeControl "180+1"]
[Date "2022.04.19"]
[WhiteClock "0:00:21"]
[BlackClock "0:00:25"]

1. Nf3 Nf6 2. d4 c5 3. d5 g6 4. c4 b5 5. cxb5 a6 6. b6 Bg7 7. Nc3 O-O 8. e4 Qxb6 9. Be2 e6 10. O-O Bb7 11. Re1 d6 12. Bc4 e5 13. a4 Qc7 14. a5 Nbd7 15. Bf1 Ne8 16. Nd2 f5 17. Nc4 Ndf6 18. f3 fxe4 19. fxe4 Nh5 20. g3 Qf7 21. Be3 Rb8 22. Bh3 Qe7 23. Qg4 Bc8 24. Qxc8 Rxc8 25. Bxc8 Nef6 26. Be6+ Kh8 27. Rf1 Rb8 28. Nb6 Qd8 29. Rf2 Ne8 30. Raf1 Nc7 31. Bg4 Nf6 32. Bg5 Nce8 33. Bd7 h6 34. Bxe8 hxg5 35. Bxg6 Rxb6 36. axb6 Qxb6 37. Bf5 a5 38. h4 gxh4 39. Rh2 Kg8 40. Be6+ Kf8 41. gxh4 c4+ 42. Kh1 Qe3 43. Rg2 Qh6 44. Nb5 Qxh4+ 45. Kg1 Bh6 46. Rf3 Ke7 47. Na7 Qe1+ 48. Kh2 Bf4+ 49. Rxf4 exf4 50. Nc6+ Kf8 51. e5 dxe5 52. d6 f3 53. d7 Nxd7 54. Rg8# 1-0


[Site "https://www.chess.com"]

[Event "Titled Tuesday Blitz April 19 Late 2022"]
[White "Suder, Jakub"]
[Black "Kostiukov, Alexandr"]
[WhiteFideId "1195310"]
[BlackFideId "14108100"]
[WhiteElo "2058"]
[BlackElo "2202"]
[Result "1-0"]
[Round "02"]
[TimeControl "180+1"]
[Date "2022.04.19"]
[WhiteClock "0:02:26"]
[BlackClock "0:02:49"]

1. d4 g6 2. c4 Bg7 3. Nc3 d6 4. e4 e5 5. Be3 exd4 6. Bxd4 Nf6 7. f3 Nc6 8. Be3 O-O 9. Nge2 Ne5 10. Nd4 c6 11. Be2 d5 12. cxd5 cxd5 13. exd5 Nxd5 14. Nxd5 Qxd5 15. O-O Nc4 16. Bf2 Nxb2 17. Qb3 Bxd4 18. Qxd5 1-0


[Site "https://www.chess.com"]

[Event "Titled Tuesday Blitz April 19 Late 2022"]
[White "Svane, Rasmus"]
[Black "Pesotskiy, Mikhail"]
[WhiteFideId "4657101"]
[BlackFideId "34164453"]
[WhiteElo "2645"]
[BlackElo "2010"]
[Result "1-0"]
[Round "02"]
[TimeControl "180+1"]
[Date "2022.04.19"]
[WhiteClock "0:02:10"]
[BlackClock "0:02:03"]

1. Nf3 Nf6 2. g3 b6 3. Bg2 Bb7 4. O-O e6 5. d4 Be7 6. c4 O-O 7. Re1 d6 8. Nc3 Ne4 9. Qc2 Nxc3 10. Ng5 Bxg5 11. Bxb7 Bxc1 12. bxc3 Bh6 13. Bxa8 c6 14. d5 exd5 15. cxd5 c5 16. Bc6 Nxc6 17. dxc6 Qc7 18. Qa4 Rc8 19. Rad1 Bg5 20. Rd5 Be7 21. Red1 a5 22. e4 Qxc6 23. Qxc6 Rxc6 24. e5 dxe5 25. Rd8+ Bf8 26. Rb8 1-0


[Site "https://www.chess.com"]

[Event "Titled Tuesday Blitz April 19 Late 2022"]
[White "Taboas Rodriguez, Daniel"]
[Black "Kanyamarala, Trisha"]
[WhiteFideId "2208466"]
[BlackFideId "45004722"]
[WhiteElo "2429"]
[BlackElo "2079"]
[Result "1/2-1/2"]
[Round "02"]
[TimeControl "180+1"]
[Date "2022.04.19"]
[WhiteClock "0:00:39"]
[BlackClock "0:00:07"]

1. d4 d5 2. Nf3 Nf6 3. c4 e6 4. Bg5 h6 5. Bxf6 Qxf6 6. e3 Bb4+ 7. Nc3 O-O 8. a3 Bxc3+ 9. bxc3 c5 10. Bd3 Nc6 11. O-O Rd8 12. Qe2 dxc4 13. Bxc4 cxd4 14. cxd4 e5 15. dxe5 Nxe5 16. Nxe5 Qxe5 17. Rad1 Bf5 18. Rd2 Rac8 19. Rxd8+ Rxd8 20. a4 Qc3 21. Qa2 Bg6 22. h3 Rd2 23. Qb3 Qxb3 24. Bxb3 Rb2 25. Bd5 a5 26. Rc1 Rb4 27. Rc8+ Kh7 28. Rc7 b6 29. Rb7 Be4 30. Bxe4+ Rxe4 31. Rxb6 Rxa4 32. Ra6 Ra1+ 33. Kh2 a4 34. g4 a3 35. h4 Kg8 36. h5 Kf8 37. Ra7 a2 38. Kg2 Ke8 39. Kf3 Kd8 40. Kf4 Kc8 41. Kf5 Kb8 42. Ra3 Kc7 43. e4 Kc6 44. e5 Kc5 45. f4 Kb4 46. Ra7 Kb3 47. Rb7+ Kc3 48. Ra7 Kd4 49. Ra4+ Ke3 50. Ra3+ Kf2 51. g5 hxg5 52. fxg5 Kg2 53. Kg4 Kf2 54. Kf4 Ke2 55. Ke4 Kd2 56. Kd4 Kc2 57. Kc4 Kb2 58. Rb3+ Kc2 59. Ra3 Kb2 60. Rb3+ Kc2 61. Ra3 1/2-1/2


[Site "https://www.chess.com"]

[Event "Titled Tuesday Blitz April 19 Late 2022"]
[White "Timofeev, Artyom"]
[Black "Prohorov, Olexandr"]
[WhiteFideId "4140419"]
[BlackFideId "14105578"]
[WhiteElo "2594"]
[BlackElo "1993"]
[Result "1-0"]
[Round "02"]
[TimeControl "180+1"]
[Date "2022.04.19"]
[WhiteClock "0:01:27"]
[BlackClock "0:01:25"]

1. e4 c5 2. Nc3 Nc6 3. Bb5 g6 4. Bxc6 dxc6 5. d3 Bg7 6. f4 Nh6 7. Nf3 O-O 8. O-O Bg4 9. h3 Bxf3 10. Qxf3 Qd7 11. Kh2 Rad8 12. Be3 b6 13. Rae1 f5 14. e5 e6 15. Rd1 Nf7 16. d4 cxd4 17. Rxd4 Qc7 18. Kg1 Rxd4 19. Bxd4 Rd8 20. Be3 Bf8 21. Ne2 Rd7 22. Nd4 Nd8 23. c3 c5 24. Nb3 Qc6 25. Qxc6 Nxc6 26. Kf2 Kf7 27. Ke2 Ke8 28. a4 a6 29. Nd2 b5 30. axb5 axb5 31. Ra1 Ra7 32. Rxa7 Nxa7 33. b4 cxb4 34. Bxa7 bxc3 35. Nb3 Ba3 36. Kd3 b4 37. Bc5 Kd7 38. Nd4 Bc1 39. g3 h5 40. Bxb4 h4 41. Ne2 hxg3 42. Nxc1 g2 43. Ne2 1-0


[Site "https://www.chess.com"]

[Event "Titled Tuesday Blitz April 19 Late 2022"]
[White "Tregubov, Pavel V."]
[Black "Keymer, Vincent"]
[WhiteFideId "4115341"]
[BlackFideId "12940690"]
[WhiteElo "2341"]
[BlackElo "2557"]
[Result "0-1"]
[Round "02"]
[TimeControl "180+1"]
[Date "2022.04.19"]
[WhiteClock "0:01:41"]
[BlackClock "0:01:19"]

1. e4 c6 2. Nf3 d5 3. Nc3 dxe4 4. Nxe4 Nf6 5. Qe2 Nxe4 6. Qxe4 Nd7 7. Bc4 Nf6 8. Ne5 e6 9. Qf4 b5 10. Be2 Bb7 11. d4 Be7 12. O-O O-O 13. c3 a6 14. Qg3 Ne4 15. Qd3 c5 16. Bf3 f5 17. Be3 Bd6 18. Rad1 Qc7 19. Rfe1 Rad8 20. a4 Bxe5 0-1


[Site "https://www.chess.com"]

[Event "Titled Tuesday Blitz April 19 Late 2022"]
[White "Tristan, Leonardo"]
[Black "Reprintsev, Alexander"]
[WhiteFideId "113816"]
[BlackFideId "14100541"]
[WhiteElo "2404"]
[BlackElo "2108"]
[Result "1-0"]
[Round "02"]
[TimeControl "180+1"]
[Date "2022.04.19"]
[WhiteClock "0:00:14"]
[BlackClock "0:00:01"]

1. d4 d5 2. Nf3 Nc6 3. Bf4 Bg4 4. e3 e6 5. c4 Bb4+ 6. Nc3 Nf6 7. Bg5 h6 8. Bh4 g5 9. Bg3 Ne4 10. Qc2 Bf5 11. Bd3 Nxg3 12. hxg3 Bxd3 13. Qxd3 Qe7 14. cxd5 exd5 15. O-O O-O-O 16. Rfc1 f6 17. a3 Bxc3 18. Rxc3 Rd7 19. Rac1 Nd8 20. Qf5 Kb8 21. Nd2 Qe6 22. Qc2 c6 23. Nb3 Qd6 24. Nc5 Rdh7 25. b4 h5 26. b5 h4 27. g4 h3 28. g3 h2+ 29. Kh1 Rc7 30. Rb1 Ka8 31. b6 axb6 32. Rxb6 Re7 33. Qa4+ Kb8 34. Rcb3 Rhh7 35. Qb4 Kc8 36. Qa5 Ne6 37. Nxe6 Rxe6 38. Qa8+ Qb8 39. Qa4 Qd6 40. Ra6 Kd8 41. Ra8+ 1-0


[Site "https://www.chess.com"]

[Event "Titled Tuesday Blitz April 19 Late 2022"]
[White "Urbina Perez, Juan Antonio"]
[Black "Jimenez Fernandez, Rebeca"]
[WhiteFideId "2217368"]
[BlackFideId "32070934"]
[WhiteElo "2192"]
[BlackElo "1853"]
[Result "1-0"]
[Round "02"]
[TimeControl "180+1"]
[Date "2022.04.19"]
[WhiteClock "0:01:54"]
[BlackClock "0:02:06"]

1. e4 g6 2. d4 Bg7 3. Nf3 d6 4. Bd3 Nf6 5. O-O O-O 6. Re1 Nbd7 7. c3 c5 8. Qe2 a6 9. a4 b6 10. Bg5 Bb7 11. Nbd2 Qc7 12. e5 dxe5 13. dxe5 Ng4 14. e6 Nde5 15. h3 Nxf3+ 16. Nxf3 Bxf3 17. Qxf3 Qh2+ 18. Kf1 Ne5 19. Rxe5 Bxe5 20. exf7+ Rxf7 21. Qxa8+ Kg7 22. Ke2 Qxg2 23. Qxg2 1-0


[Site "https://www.chess.com"]

[Event "Titled Tuesday Blitz April 19 Late 2022"]
[White "Vachier-Lagrave, Maxime"]
[Black "Taichman, Ori"]
[WhiteFideId "623539"]
[BlackFideId "2804069"]
[WhiteElo "2813"]
[BlackElo "2227"]
[Result "1-0"]
[Round "02"]
[TimeControl "180+1"]
[Date "2022.04.19"]
[WhiteClock "0:01:28"]
[BlackClock "0:00:04"]

1. e4 c5 2. Nf3 Nc6 3. c3 d6 4. d4 e5 5. dxc5 dxc5 6. Qxd8+ Kxd8 7. Na3 Bg4 8. Nc4 f6 9. Ne3 Bxf3 10. gxf3 g5 11. h4 gxh4 12. Rxh4 Bh6 13. Bc4 Bg5 14. Rh1 Nge7 15. Ng4 h5 16. Bxg5 fxg5 17. Nf6 Kc7 18. Rxh5 Rxh5 19. Nxh5 Rh8 20. Ng3 Ng6 21. Kd2 Rh2 22. Ke3 Nf4 23. Rg1 Nh3 24. Rf1 Nf4 25. Rh1 Ng2+ 26. Kd2 Rh4 27. Bf1 Rxh1 28. Nxh1 Nf4 29. Ng3 Ne7 30. Bc4 Neg6 31. Nf1 Nh4 32. Nh2 Kd6 33. a4 b6 34. Bf1 Ke6 35. b4 a5 36. bxa5 bxa5 37. Kc2 Kd6 38. Kb3 Ne6 39. Kc4 Kc6 40. Bh3 Nc7 41. Bg4 Ne8 42. Nf1 Nd6+ 43. Kd3 Ng2 44. Ne3 c4+ 45. Kc2 Ne1+ 46. Kd2 Nd3 47. Be6 Nb2 48. Kc2 Nxa4 49. Ng4 Nc5 50. Nxe5+ Kb5 51. Bd5 a4 52. Bc6+ Kb6 53. Kb2 Nd3+ 54. Nxd3 Kxc6 55. Ne5+ Kc5 56. Nd7+ Kc6 57. Nf8 Nb5 58. Ne6 a3+ 59. Ka2 Nxc3+ 60. Kxa3 Nd1 61. Kb4 Nxf2 62. Nxg5 Kd6 63. Kxc4 Ke5 64. Nf7+ Kf4 65. e5 Kf5 66. Kd5 Nd3 67. Nd6+ Kg6 68. Kd4 Nf4 69. Ke4 Ne6 70. f4 Kg7 71. f5 Ng5+ 72. Kd5 Kf8 73. f6 Nh7 74. Ne4 Kf7 75. e6+ Kf8 76. Ke5 Ke8 77. Nd6+ Kf8 78. e7+ 1-0


[Site "https://www.chess.com"]

[Event "Titled Tuesday Blitz April 19 Late 2022"]
[White "Vasquez Schroeder, Rodrigo"]
[Black "Vlassov, Nikolai"]
[WhiteFideId "3400042"]
[BlackFideId "4103360"]
[WhiteElo "2561"]
[BlackElo "2407"]
[Result "1/2-1/2"]
[Round "02"]
[TimeControl "180+1"]
[Date "2022.04.19"]
[WhiteClock "0:00:18"]
[BlackClock "0:00:08"]

1. e4 Nc6 2. Nf3 d5 3. exd5 Qxd5 4. d4 Bg4 5. Be2 O-O-O 6. c3 Nf6 7. h3 Bh5 8. Nbd2 e5 9. c4 Qa5 10. d5 e4 11. dxc6 exf3 12. cxb7+ Kb8 13. Bxf3 Bxf3 14. Qxf3 Bb4 15. O-O Bxd2 16. a3 Bxc1 17. Raxc1 Rhe8 18. b4 Qb6 19. c5 Qxb7 20. c6 Qa6 21. b5 Qa4 22. Rfd1 Rxd1+ 23. Rxd1 Qxb5 24. a4 Qb4 25. Kh2 Ka8 26. Rd7 Qe4 27. Qxe4 Nxe4 28. Rxf7 a5 29. Rxc7 Nc5 30. Rxg7 Nxa4 31. Rg5 Kb8 32. Rxa5 Nb6 33. Ra6 Nc8 34. f4 Kc7 35. g4 Rf8 36. Kg3 Rf6 37. g5 Rxc6 38. Ra5 Kd6 39. h4 Ne7 40. h5 Rc5 41. Ra6+ Kd7 42. Kg4 Rc1 43. Rh6 Rg1+ 44. Kf3 Rf1+ 45. Ke4 Re1+ 46. Kd3 Rf1 47. Rxh7 Rxf4 48. g6 Ke6 49. g7 Rh4 50. h6 Kf7 51. g8=Q+ Kxg8 52. Rxe7 Rxh6 53. Ke4 Rg6 54. Re5 Rg7 55. Kf5 Rf7+ 56. Kg6 Rg7+ 57. Kf6 Rf7+ 58. Ke6 Rg7 59. Rf5 Rg6+ 60. Ke5 Kg7 61. Rf4 Rg5+ 62. Ke6 Kg6 63. Rf6+ Kh5 64. Rf8 Kg4 65. Rf6 Kh5 66. Kf7 Kg4 67. Rg6 Rxg6 68. Kxg6 1/2-1/2


[Site "https://www.chess.com"]

[Event "Titled Tuesday Blitz April 19 Late 2022"]
[White "Vovk, Orest"]
[Black "Tanenbaum, Zachary"]
[WhiteFideId "14113490"]
[BlackFideId "2060850"]
[WhiteElo "2203"]
[BlackElo "2168"]
[Result "1/2-1/2"]
[Round "02"]
[TimeControl "180+1"]
[Date "2022.04.19"]
[WhiteClock "0:00:06"]
[BlackClock "0:00:04"]

1. h4 d5 2. h5 e5 3. h6 Nxh6 4. d4 Ng4 5. f3 Nf6 6. dxe5 Ng8 7. e4 c6 8. Nc3 d4 9. Nce2 c5 10. Nf4 Nc6 11. e6 fxe6 12. Ng6 hxg6 13. Rxh8 Nh6 14. Bxh6 Qh4+ 15. Ke2 gxh6 16. Rh7 b6 17. Qe1 Qg5 18. Nh3 Qf6 19. Qg3 d3+ 20. Kd2 Qxb2 21. Qxg6+ Kd8 22. Rc1 Qb4+ 23. Kd1 d2 24. Qg8 dxc1=Q+ 25. Kxc1 Qe1+ 26. Kb2 Qb4+ 27. Kc1 c4 28. Bxc4 Qe1+ 29. Kb2 Qb4+ 30. Bb3 Bd7 31. Nf4 Qd4+ 32. c3 Qd2+ 33. Bc2 Qxf4 34. Rf7 Qd6 35. Rxf8+ Kc7 36. Rxa8 Kb7 37. Rf8 Na5 38. Rf7 Nc4+ 39. Kb3 Nd2+ 40. Kb2 Nc4+ 41. Kb1 Na3+ 42. Kb2 Nc4+ 1/2-1/2


[Site "https://www.chess.com"]

[Event "Titled Tuesday Blitz April 19 Late 2022"]
[White "Vujic, Mihailo"]
[Black "Hamley, Ryan"]
[WhiteFideId "918873"]
[BlackFideId "30959497"]
[WhiteElo "2256"]
[BlackElo "2522"]
[Result "0-1"]
[Round "02"]
[TimeControl "180+1"]
[Date "2022.04.19"]
[WhiteClock "0:00:01"]
[BlackClock "0:00:08"]

1. e4 c6 2. d4 g6 3. Nc3 Bg7 4. f4 d5 5. e5 h5 6. Nf3 Bg4 7. h3 Bxf3 8. Qxf3 e6 9. g3 Ne7 10. Bd3 a6 11. Ne2 c5 12. c3 Nbc6 13. Be3 cxd4 14. Nxd4 Nxd4 15. Bxd4 Nc6 16. O-O-O Qc7 17. Kb1 b5 18. g4 Rb8 19. f5 gxf5 20. gxf5 Kd8 21. fxe6 fxe6 22. Rhg1 Rf8 23. Qxh5 Bxe5 24. Qg5+ Kc8 25. Bxe5 Qxe5 26. Qh6 Qf6 27. Qe3 Qe5 28. Qc5 Kc7 29. Rde1 Qf6 30. Ref1 Qh8 31. Re1 Rf6 32. Rgf1 Rbf8 33. Rxf6 Rxf6 34. a4 bxa4 35. Bxa6 Qb8 36. Bb5 Qb6 37. Qxc6+ Qxc6 38. Bxc6 Kxc6 39. Rh1 Kd6 40. h4 Rh6 41. h5 e5 42. Kc2 e4 43. Kd2 Ke5 44. Ke3 Kf5 45. Kd4 Kf4 46. Rf1+ Kg3 47. Kxd5 e3 48. Rf5 e2 49. Re5 Kf2 50. Rf5+ Ke1 51. Kc4 Kd1 52. Rd5+ Ke1 53. Rf5 Rd6 54. h6 Rxh6 55. Kd3 Rd6+ 0-1


[Site "https://www.chess.com"]

[Event "Titled Tuesday Blitz April 19 Late 2022"]
[White "Wagner, Dennis"]
[Black "Espinosa, Pedro"]
[WhiteFideId "24650684"]
[BlackFideId "30921066"]
[WhiteElo "2355"]
[BlackElo "1696"]
[Result "1-0"]
[Round "02"]
[TimeControl "180+1"]
[Date "2022.04.19"]
[WhiteClock "0:00:21"]
[BlackClock "0:00:35"]

1. d4 d5 2. Nf3 Nf6 3. c4 c6 4. Nc3 e6 5. Qd3 dxc4 6. Qxc4 b5 7. Qd3 Bd6 8. g4 O-O 9. g5 Nd5 10. h4 Nd7 11. Bg2 Bb7 12. e3 Nxc3 13. bxc3 a6 14. Nh2 Qc7 15. Ng4 c5 16. Rg1 cxd4 17. cxd4 Bb4+ 18. Bd2 Bxd2+ 19. Kxd2 Qa5+ 20. Ke2 Bxg2 21. Rxg2 Rac8 22. h5 Qa4 23. Kf3 Qc4 24. Qxc4 bxc4 25. h6 g6 26. Ke4 Rc6 27. Rc1 Rb8 28. f4 Kf8 29. Rgc2 Rb4 30. a3 Ra4 31. Rc3 Ke7 32. Ne5 Nxe5 33. fxe5 Kd7 34. Rb1 Kc7 35. Rf1 Kb6 36. Rxf7 Rc7 37. Rf6 Re7 38. d5 Kc5 39. Rxe6 Rxe6 40. dxe6 Kc6 41. Kd4 Ra5 42. Rxc4+ Kb7 43. e7 1-0


[Site "https://www.chess.com"]

[Event "Titled Tuesday Blitz April 19 Late 2022"]
[White "Winkels, Marcel"]
[Black "Bordi, Kevin"]
[WhiteFideId "1003887"]
[BlackFideId "621862"]
[WhiteElo "1900"]
[BlackElo "2710"]
[Result "0-1"]
[Round "02"]
[TimeControl "180+1"]
[Date "2022.04.19"]
[WhiteClock "0:00:16"]
[BlackClock "0:00:21"]

1. e4 d5 2. exd5 Qxd5 3. Nc3 Qa5 4. d4 Nf6 5. Bd2 c6 6. Bc4 Bf5 7. Qe2 e6 8. Nd5 Qd8 9. Nxf6+ Qxf6 10. Nf3 Nd7 11. O-O-O b5 12. Bd3 Bxd3 13. Qxd3 Bd6 14. Rhe1 O-O 15. h4 Rfd8 16. Ng5 Qf5 17. Qxf5 exf5 18. g3 Nf6 19. Kb1 h6 20. Nh3 Ne4 21. Be3 a5 22. Rg1 a4 23. f3 Nxg3 24. Nf4 Bxf4 25. Bxf4 Ne2 26. Bxh6 Nxg1 27. Rxg1 Kh7 28. Be3 Re8 29. Bf2 Re2 30. Bg3 a3 31. b3 Rae8 32. h5 Rd2 33. Be5 f6 34. Kc1 Rf2 35. Bg3 Rxf3 36. Bd6 Rfe3 37. Bb4 f4 38. Rf1 f3 39. c4 Kh6 40. d5 bxc4 41. bxc4 cxd5 42. cxd5 Kxh5 43. d6 Kg4 44. Kd2 R3e4 45. Bxa3 Ra8 46. Kd3 f5 47. Bc5 Rc8 48. Ba3 Kf4 49. Bc1+ Ke5 50. d7 Rd8 51. Kc3 Rxd7 52. Rh1 f4 53. Rh5+ Kf6 54. Rh1 g5 55. Bb2 Kf5 56. Kb3 Rb7+ 57. Kc3 Re3+ 58. Kc2 Re2+ 59. Kc3 Rbxb2 60. a4 f2 0-1


[Site "https://www.chess.com"]

[Event "Titled Tuesday Blitz April 19 Late 2022"]
[White "Zivkovic, Nemanja"]
[Black "Stanisz, Patryk"]
[WhiteFideId "942154"]
[BlackFideId "1123106"]
[WhiteElo "2364"]
[BlackElo "1833"]
[Result "1-0"]
[Round "02"]
[TimeControl "180+1"]
[Date "2022.04.19"]
[WhiteClock "0:01:39"]
[BlackClock "0:00:18"]

1. e4 c5 2. Nf3 Nc6 3. Bb5 Nf6 4. Qe2 g6 5. O-O Bg7 6. c3 O-O 7. d4 d5 8. e5 Ne4 9. Be3 cxd4 10. cxd4 Bg4 11. Bxc6 bxc6 12. Nbd2 c5 13. dxc5 Nxd2 14. Bxd2 Bxe5 15. Qxe5 f6 16. Qg3 Bd7 17. Rfe1 e5 18. Nxe5 fxe5 19. Qxe5 Rf5 20. Qd4 Qf8 21. Bc3 Kf7 22. Re5 Rxe5 23. Qxe5 Qe7 24. Qxd5+ Be6 25. Qxa8 1-0


[Site "https://www.chess.com"]

[Event "Titled Tuesday Blitz April 19 Late 2022"]
[White "Zong, Davis"]
[Black "Plotnikov, Pavel"]
[WhiteFideId "30903955"]
[BlackFideId "4170342"]
[WhiteElo "2061"]
[BlackElo "2298"]
[Result "1-0"]
[Round "02"]
[TimeControl "180+1"]
[Date "2022.04.19"]
[WhiteClock "0:00:10"]
[BlackClock "0:01:43"]

1. e4 e6 2. d4 d5 3. Nc3 Nf6 4. e5 Ng8 5. f4 c5 6. Nf3 Nc6 7. Be3 Nh6 8. Bd3 c4 9. Be2 Nf5 10. Bf2 h5 11. g3 Be7 12. Qd2 a6 13. a4 Rb8 14. Kf1 b5 15. h3 b4 16. Nd1 a5 17. Kg2 Kd7 18. b3 c3 19. Qd3 Rb6 20. Ne3 Ba6 21. Qd1 Bxe2 22. Qxe2 Nxe3+ 23. Bxe3 f6 24. g4 Kc7 25. exf6 gxf6 26. Bf2 Qg8 27. Nh2 hxg4 28. hxg4 Bd6 29. Bg3 Nxd4 30. Qd3 e5 31. fxe5 fxe5 32. Raf1 Kc6 33. Rf6 Qg7 34. Rxd6+ Kxd6 35. Qxd4 Rc6 36. Rf1 Re8 37. Rf5 Kd7 38. Bxe5 Qg8 39. Nf3 Qe6 40. Qf2 d4 41. Nxd4 Qd5+ 42. Qf3 Rxe5 43. Qxd5+ Rxd5 44. Rxd5+ Rd6 45. Rxd6+ Kxd6 46. Kf3 Ke5 47. Ke3 Kd5 48. g5 Ke5 49. Nf3+ Kf5 50. Kd3 Kf4 51. g6 Kxf3 52. g7 Kf2 53. g8=Q Kf3 54. Qd5+ Kf2 55. Qxa5 Ke1 56. Qxb4 Kd1 57. Qxc3 Kc1 58. a5 Kb1 59. a6 1-0


[Site "https://www.chess.com"]

[Event "Titled Tuesday Blitz April 19 Late 2022"]
[White "msolleveld"]
[Black "Karttunen, Mika"]
[BlackFideId "502081"]
[WhiteElo "2900"]
[BlackElo "2343"]
[Result "0-1"]
[Round "02"]
[TimeControl "180+1"]
[Date "2022.04.19"]
[WhiteClock "0:00:52"]
[BlackClock "0:00:20"]

1. e4 c5 2. Nf3 d6 3. d4 cxd4 4. Nxd4 Nf6 5. Nc3 a6 6. a4 e5 7. Nf5 h6 8. Ne3 Nc6 9. Bc4 Be6 10. Ned5 Rc8 11. Be3 Be7 12. Nxf6+ Bxf6 13. Bxe6 fxe6 14. Qh5+ Kf8 15. O-O Qe8 16. Qh3 g5 17. Rad1 Nd4 18. f4 gxf4 19. Bxd4 exd4 20. Rxf4 Ke7 21. Rdf1 Bg5 22. Ne2 Bxf4 23. Nxf4 Qg8 24. Qb3 Rc7 25. Qb6 Kd7 26. Qxd4 e5 27. Qd3 exf4 28. Rxf4 Kc8 29. c3 Qe6 30. Qd4 Qe5 31. Qf2 Re8 32. h3 Kb8 33. Qh4 Qg5 34. Qf2 Rg7 35. Rg4 Qe7 36. Rf4 Reg8 37. Kf1 Rxg2 38. Qxg2 Rxg2 39. Kxg2 Qg5+ 40. Kf3 h5 41. h4 Qg1 42. Ke2 Qg2+ 43. Kd3 Qxb2 44. Rf5 Qb1+ 45. Ke3 Qd1 46. Rd5 Qe1+ 47. Kd3 Qxh4 48. Rxd6 Qg3+ 0-1


[Site "https://www.chess.com"]

[Event "Titled Tuesday Blitz April 19 Late 2022"]
[White "Abdrlauf, Elham"]
[Black "Karttunen, Mika"]
[WhiteFideId "1533533"]
[BlackFideId "502081"]
[WhiteElo "2334"]
[BlackElo "2343"]
[Result "1-0"]
[Round "03"]
[TimeControl "180+1"]
[Date "2022.04.19"]
[WhiteClock "0:01:25"]
[BlackClock "0:00:25"]

1. e4 c6 2. d4 d5 3. Nc3 dxe4 4. Nxe4 Bf5 5. Ng3 Bg6 6. h4 h6 7. Nf3 Nd7 8. h5 Bh7 9. Bd3 Bxd3 10. Qxd3 Ngf6 11. Bd2 e6 12. O-O-O Qc7 13. Qe2 Bd6 14. Nf5 O-O-O 15. Nxd6+ Qxd6 16. Ne5 Rhf8 17. Ba5 Rde8 18. Nc4 Qf4+ 19. Bd2 Qc7 20. Bb4 c5 21. dxc5 Kb8 22. c6 Qxc6 23. Bxf8 Rxf8 24. Ne5 Qc7 25. Nxd7+ Nxd7 26. Qd2 Nf6 27. Kb1 Nd5 28. Rh4 Rc8 29. c4 Nf6 30. Qd6 Qxd6 31. Rxd6 Kc7 32. Rd3 e5 33. Re3 Re8 34. Rg3 Rg8 35. Kc2 Kd6 36. b4 Ke6 37. Re3 Kf5 38. f3 Rc8 39. Kb3 b6 40. Rh1 Rc7 41. Rhe1 Re7 42. Rd3 Kf4 43. c5 bxc5 44. bxc5 Rc7 45. Kc4 Nxh5 46. Re4+ Kg3 47. f4+ Kxg2 48. fxe5 g5 49. Red4 Nf4 50. Rd7 Nxd3 51. Rxc7 Nxe5+ 52. Kd5 f6 53. Re7 Nd3 54. Rxa7 h5 55. c6 Nb4+ 56. Kc5 Nxc6 57. Kxc6 h4 58. a4 h3 59. a5 h2 60. Rh7 h1=Q 61. Rxh1 Kxh1 62. a6 g4 63. a7 g3 64. a8=Q g2 65. Qh8+ Kg1 66. Qxf6 Kh2 67. Qh4+ Kg1 68. Kd5 Kf1 69. Qf4+ Ke2 70. Qg3 Kf1 71. Qf3+ 1-0


[Site "https://www.chess.com"]

[Event "Titled Tuesday Blitz April 19 Late 2022"]
[White "Adury, Anant"]
[Black "Demchenko, Anton"]
[WhiteFideId "30964687"]
[BlackFideId "4160258"]
[WhiteElo "2125"]
[BlackElo "2539"]
[Result "0-1"]
[Round "03"]
[TimeControl "180+1"]
[Date "2022.04.19"]
[WhiteClock "0:02:10"]
[BlackClock "0:02:25"]

1. d4 Nf6 2. c4 d6 3. Nc3 e5 4. dxe5 dxe5 5. Qxd8+ Kxd8 6. Bg5 Be6 7. O-O-O+ Kc8 8. Nd5 Nfd7 9. e4 f6 10. Be3 c6 11. Nc3 Bb4 12. Kc2 a5 13. h3 Na6 14. Be2 Bc5 15. Bxc5 Ndxc5 16. Bg4 Kc7 17. Bxe6 Nxe6 18. Nge2 Nac5 19. a3 a4 20. g3 Rhd8 21. Rxd8 Rxd8 22. Rd1 Nd4+ 23. Nxd4 exd4 24. Nb1 Nxe4 0-1


[Site "https://www.chess.com"]